AoeStats
← freez

MegaRandom

510151663Analyzed
2v2 RM · 18d ago on Sep 29, 2026· 37m 9s· 4 players
Game mode
Random Map
Map size
Medium (4 player)
Population
200
Speed
Normal
Resources
Standard
Victory
Conquest
Starting age
Dark Age
Ending age
Imperial Age
RankedLock teamsTeams togetherTeam positionsShared explorationLock speedFull tech treeHidden civsTurbo modeCheats
Victory
Defeat
🇩🇪 Turks · Germany
914
+17
🇩🇪 Cumans · Germany
913
+17
vs
🇹🇷 Spanish · Türkiye
957
-18
🇪🇸 Burgundians · Spain
904
-16
Snoop Doggy Dogg 熊猫
6:59 Loom
10:50 Feudal Age
11:20 Horse Collar
11:28 Double-Bit Axe
12:38 Man-at-Arms
14:56 Forging
22:27 Scale Mail Armor
27:42 Castle Age
27:46 Long Swordsman
27:48 Capped Ram
29:11 Squires
28:35 Pikeman
32:02 Gold Mining
32:02 Stone Mining
freez
10:03 Loom
12:13 Feudal Age
13:10 Double-Bit Axe
13:49 Man-at-Arms
21:16 Castle Age
23:11 Fletching
23:23 Padded Archer Armor
23:48 Bow Saw
23:19 Horse Collar
28:30 Bloodlines
30:51 Husbandry
31:46 Bodkin Arrow
34:32 Scale Barding Armor
Morias1stt
12:46 Feudal Age
19:23 Castle Age
20:07 Loom
GERTUARAZI
3:38 Double-Bit Axe
6:23 Loom
10:22 Feudal Age
9:13 Horse Collar
10:30 Man-at-Arms
12:18 Bow Saw
13:44 Town Watch
20:13 Castle Age
18:33 Scale Barding Armor
18:32 Stone Mining
19:57 Gold Mining
21:58 Two-Man Saw
22:24 Husbandry
25:18 Wheelbarrow
25:52 Cavalier
29:49 Pikeman
31:12 Hand Cart
33:27 Burgundian Vineyards
34:38 Murder Holes
35:17 Squires
39:10 Imperial Age
Connection lost

Rejoining the realm…

Still unreachable

The connection could not be restored.

Session expired

The server has moved on; the page needs a fresh start.